 Dungeon Crawl Stone Soup version 0.28-a0-957-g42eb19b844 (webtiles) character file.

Game seed: 4458834448003627159

273 a11behringer the Ruffian (level 6, 0/47 HPs)
             Began as a Draconian Transmuter on Dec 1, 2021.
             Was an Initiate of Sif Muna.
             Killed from afar by an orc wizard (2 damage)
             ... with a magic dart
             ... on level 4 of the Dungeon.
             The game lasted 00:13:37 (3318 turns).

a11behringer the Ruffian (Draconian Transmuter)     Turns: 3318, Time: 00:13:38

Health: 0/47       AC:  6    Str: 13    XL:     6   Next: 2%
Magic:  8/10       EV: 12    Int: 15    God:    Sif Muna [......]
Gold:   65         SH:  0    Dex: 11    Spells: 8/11 levels left

rFire   . . .      SeeInvis .     - Unarmed
rCold   . . .      Faith    .   (no shield)
rNeg    . . .      Spirit   .   (armour unavailable)
rPois   .          Reflect  .   (helmet currently unavailable)
rElec   .          Harm     .   (no cloak)
rCorr   .          Rampage  .   (no gloves)
Will    .....                   (boots currently unavailable)
Stlth   +.........              (no amulet)
HPRegen 0.15/turn               (no ring)
MPRegen 0.12/turn               (no ring)

@: appendages (expiring)
A: horns 2, talons 2, AC +6, unfitting armour, cold-blooded
a: End Transformation, Renounce Religion


You were on level 4 of the Dungeon.
You worshipped Sif Muna.
Sif Muna was noncommittal.
You had temporarily grown beastly horns and talons.
You visited 2 branches of the dungeon, and saw 5 of its levels.

You collected 65 gold pieces.

Inventory:

Hand Weapons
 g - a +1 dagger
Missiles
 c - 13 poisoned darts
Armour
 m - a +2 hat (melded)
Scrolls
 b - a scroll of identify
 i - a scroll of enchant weapon
 l - a scroll of teleportation
Potions
 a - a potion of resistance {unknown}
 d - a potion of haste {unknown}
 e - a potion of brilliance {unknown}
 f - a potion of curing {unknown}
 h - a potion of mutation
 j - a potion of might {unknown}
 k - a potion of invisibility {unknown}


   Skills:
 + Level 1.6 Fighting
 + Level 2.6 Dodging
 + Level 0.7 Stealth
 + Level 4.4 Unarmed Combat
 + Level 3.3 Spellcasting
 + Level 3.5 Transmutations


You had 8 spell levels left.
You knew the following spells:

 Your Spells              Type           Power      Damage    Failure   Level
a - Beastly Appendage     Tmut           26%        N/A       4%          1
b - Wereblood             Tmut           13%        N/A       7%          2

Your spell library contained the following spells:

 Spells                   Type           Power      Damage    Failure   Level
 Passwall                 Tmut/Erth      5%         N/A       14%         2
 Spider Form              Tmut/Pois      7%         N/A       28%         3
 Swiftness                Air            2%         N/A       52%         3
 Ice Form                 Ice/Tmut       7%         N/A       67%         4


Dungeon Overview and Level Annotations

Branches:
Dungeon (4/15)             Temple (1/1) D:4

Altars:
Ashenzari
Cheibriados
Dithmenos
Elyvilon
Fedhas
Gozag
Hepliaklqana
Kikubaaqudgha
Makhleb
Nemelex Xobeh
Okawaru
Qazlal
Ru
Sif Muna
Trog
Vehumet
Wu Jian
Xom
Yredelemnul
Zin
The Shining One

Shops:
D:1 *   D:3 *


Innate Abilities, Weirdness & Mutations

You have temporarily grown beastly horns and talons.
Your plain brown scales are hard. (AC +6)
You cannot fit into any form of body armour.
You are cold-blooded and may be slowed by cold attacks.


Message History

You hear some strange, mumbled words.
You are confused.
The orc priest hits you but does no damage.
Your primal bloodlust is almost over.
Something hits you but does no damage.
The orc priest hits you with a +0 short sword.
* * * LOW HITPOINT WARNING * * *
The orc closely misses you.
You closely miss something. Your kick misses something.
Your headbutt misses something. Something barely misses you.
The orc priest hits you with a +0 short sword.
* * * LOW HITPOINT WARNING * * *
The orc closely misses you.
You punch the orc priest! You claw the orc priest!
You feel a bit better.
You kill the orc priest!
Sif Muna accepts your kill. Something hits you but does no damage.
You have reached level 6!
Your scales feel tougher.
You're too confused to move!
The orc barely misses you. Something hits you but does no damage.
You hit something. The orc closely misses you.
Something hits you but does no damage.
You're too confused to move!
The orc hits you with a +0 club.
* * * LOW HITPOINT WARNING * * *
Something hits you but does no damage.
You punch the orc!
You feel a bit better.
You kill the orc!
Sif Muna accepts your kill.
You feel less confused.
Your primal bloodlust has ended.
Something hits you.
* * * LOW HITPOINT WARNING * * *
Something hits you but does no damage.
Things that are here:
a +0 club; an orc corpse Something hits you but does no damage.
Your transformation is almost over.
A magic dart appears from out of thin air!
The magic dart hits you.
You die...

#############
##...........##
..............#
..............#
...............#
...............#
..........<.....#
................@......#
.......................#
................{.......
........................
..............).).......
........####...)........
.......#####...)........
........................
........................


There were no monsters in sight!

Vanquished Creatures
  A hound (D:2)
  A bullfrog skeleton (D:3)
  2 orc priests (D:4)
  A killer bee zombie (D:3)
  Robin (D:2)
  4 adders
  A worm (D:3)
  3 dart slugs
  2 orcs (D:4)
  2 ball pythons (D:4)
  8 bats
  10 endoplasms
  4 giant cockroaches
  11 goblins
  10 hobgoblins
  5 kobolds
  4 quokkas
  2 frilled lizards
72 creatures vanquished.

Notes
Turn   | Place    | Note
-------+----------+-------------------------------------------
     0 | D:1      | a11behringer the Draconian Transmuter began the quest for
                  | the Orb.
     0 | D:1      | Reached XP level 1. HP: 16/16 MP: 3/3
   222 | D:1      | Reached XP level 2. HP: 12/23 MP: 1/5
   405 | D:1      | Found a faded altar of an unknown god.
   660 | D:1      | Found Noleurhe's Assorted Antiques.
  1015 | D:1      | Reached XP level 3. HP: 28/28 MP: 4/6
  1568 | D:2      | Learned a level 2 spell: Wereblood
  1573 | D:2      | Noticed Robin
  1592 | D:2      | Killed Robin
  1774 | D:2      | Reached XP level 4. HP: 30/35 MP: 2/8
  2229 | D:3      | Reached skill level 4 in Unarmed Combat
  2250 | D:3      | Found Roexaig's Assorted Antiques.
  2274 | D:3      | Reached XP level 5. HP: 22/40 MP: 7/9
  2788 | D:4      | Found a staircase to the Ecumenical Temple.
  2823 | Temple   | Entered the Ecumenical Temple
  3054 | Temple   | Became a worshipper of Sif Muna the Loreminder
  3304 | D:4      | HP: 2/40 [orc priest (5)]
  3309 | D:4      | Reached XP level 6. HP: 2/47 MP: 7/10
  3312 | D:4      | HP: 2/47 [orc (1)]
  3318 | D:4      | Killed from afar by an orc wizard

Illustrated notes

Levels and vault maps discovered:
D:1:      dpeg_arrival_circle_labyrinth_a, layout_loops_ring, serial_shops,
          shop, hellmonk_ecumenical_altar_arch_garden
D:2:      layout_basic, corexii_leaking_fountain, uniq_robin
D:3:      layout_rooms, serial_shops, shop
D:4:      layout_basic, minmay_temple_entry_junction, serial_shops,
          nicolae_square_shop, minmay_cut_off
Temple:   mainiacjoe_temple_starburst

Skill      XL: |  1  2  3  4  5 |
---------------+----------------+-----
Dodging        | 2 |  2.6
Unarmed Combat | 4 |  4.4
Transmutations | 3 |  3.5
Spellcasting   | 3 |  3.3
Fighting       | |  1.6
Stealth        | |  0.7

Action                   |  1- 3 |  4- 6 || total
-------------------------+-------+-------++-------
Melee: Unarmed           |   102 |    98 ||   200
       Kick              |    19 |    21 ||    40
       Headbutt          |    10 |    15 ||    25
       Punch             |     1 |     3 ||     4
       Tailslap          |     7 |     4 ||    11
 Cast: Beastly Appendage |    23 |    17 ||    40
       Wereblood         |     2 |     5 ||     7
  Use: Scroll            |       |     4 ||     4
 Stab: Sleeping          |     1 |       ||     1
Armor: Skin              |    69 |    43 ||   112
Dodge: Dodged            |   119 |    67 ||   186

Table legend: (Time is in decaauts)
 A = Elapsed time spent in this place.
 B = Non-inter-level travel time spent in this place.
 C = Inter-level travel time spent in this place.
 D = Time resting spent in this place.
 E = Time spent auto-exploring this place.
 F = Levels seen in this place.
 G = Mean time per level.
                   A        B        C        D        E       F      G
               +--------+--------+--------+--------+--------+-----+--------+
         Total |   3308 |   2743 |    565 |      0 |   2232 |   5 |  661.6 |
       Dungeon |   3014 |   2569 |    445 |      0 |   2063 |   4 |  753.5 |
        Temple |    293 |    173 |    120 |      0 |    169 |   1 |  293.0 |
               +--------+--------+--------+--------+--------+-----+--------+

Top non-repeatable levels by time:
     D:1: 1418 daAuts
     D:2: 780 daAuts
     D:3: 565 daAuts
  Temple: 293 daAuts
     D:4: 250 daAuts
